 Dungeon Crawl Stone Soup version 0.26-a0-976-gd3b5134375 (webtiles) character file.

Game seed: 2188721248993808387

1369 Peloso the Carver (level 8, -11/71 HPs)
             Began as a Minotaur Fighter on Dec 5, 2020.
             Was an Initiate of Okawaru.
             Mangled by Pikel
             ... wielding a +1 whip of electrocution
              (18 damage)
             ... on level 6 of the Dungeon.
             The game lasted 00:10:36 (5201 turns).

Peloso the Carver (Minotaur Fighter)                Turns: 5201, Time: 00:10:37

Health: -11/71     AC: 12    Str: 21    XL:     8   Next: 38%
Magic:  7/7        EV:  4    Int:  5    God:    Okawaru [......]
Gold:   264        SH: 10    Dex: 12    Spells: 7/7 levels left

rFire    + . .     SeeInvis .   a - +1 long sword
rCold    + . .     Faith    .   c - +0 kite shield
rNeg     . . .     Spirit   .   e - +0 plate armour
rPois    .         Reflect  .   (helmet restricted)
rElec    .         Harm     .   x - scarf {rC+ rF+}
rCorr    .         Rampage  .   (no gloves)
MR       .....                  (no boots)
Stlth    ..........             (no amulet)
HPRegen  0.21/turn              h - ring of flight
MPRegen  0.10/turn              (no ring)

@: drained
A: retaliatory headbutt, horns 2
a: Renounce Religion, Evoke Flight


You were on level 6 of the Dungeon.
You worshipped Okawaru.
Okawaru was noncommittal.
You visited 1 branch of the dungeon, and saw 6 of its levels.
You also visited: Sewer.

You collected 264 gold pieces.

Inventory:

Hand Weapons
 a - a +1 long sword (weapon)
 b - a +0 vorpal spear
Armour
 c - a +0 kite shield (worn)
 e - a +0 plate armour (worn)
 x - a scarf of resistance (worn)
Jewellery
 h - a ring of flight (left hand)
Scrolls
 f - a scroll of amnesia
 g - 7 scrolls of remove curse
 i - a scroll of fear {unknown}
 m - 2 scrolls of enchant weapon
 t - 5 scrolls of teleportation
 u - 5 scrolls of identify
 w - a scroll of blinking {unknown}
 y - a scroll of magic mapping
 z - a scroll of fog {unknown}
 A - a scroll of immolation {unknown}
Potions
 d - 4 potions of might
 j - 2 potions of flight
 k - 4 potions of curing
 l - 3 potions of haste
 n - a potion of resistance
 o - 2 potions of brilliance
 p - 2 potions of heal wounds {unknown}
 q - 3 potions of ambrosia {unknown}
 r - 2 potions of lignification {unknown}
 s - 2 potions of mutation {unknown}
 v - a potion of magic {unknown}


   Skills:
 + Level 6.5(5.7) Fighting
 + Level 8.0(7.1) Long Blades
 + Level 6.5(5.7) Armour
 + Level 0.2(0.0) Dodging
 + Level 0.8(0.1) Stealth
 + Level 6.6(5.8) Shields


You had 7 spell levels left.
You didn't know any spells.
Your spell library contained the following spells:

 Spells                   Type           Power        Failure   Level
 Corona                   Hex            #......      100%        1
 Slow                     Hex            #.......     100%        2
 Inner Flame              Hex/Fire       #.......     100%        3
 Portal Projectile        Hex/Tloc       #.....       100%        3
 Cause Fear               Hex            #.........   100%        4
 Leda's Liquefaction      Hex/Erth       #.........   100%        4


Dungeon Overview and Level Annotations

Branches:
Dungeon (6/15)             Temple (0/1) D:6           Sewer (visited)

Altars:
Gozag
Okawaru
Xom

Shops:
D:5 }

Annotations:
D:4 2 transporters, thewurscht's ghost, amateur DrCj
D:6 Pikel


Innate Abilities, Weirdness & Mutations

You reflexively headbutt those who attack you in melee.
You have a pair of horns on your head.


Message History

Pikel hits you with a +1 whip of electrocution.
You are electrocuted!
* * * LOW HITPOINT WARNING * * *
You hit Pikel. You headbutt Pikel.
Pikel is almost dead.
You block Pikel's attack. x2
Your plate armour prevents you from hitting Pikel.
Pikel is almost dead.
Pikel says, "You'll make a fine lemure."
Pikel hits you with a +1 whip of electrocution.
* * * LOW HITPOINT WARNING * * *
You hit Pikel but do no damage. Your headbutt misses Pikel.
Pikel is almost dead.
Pikel hits you with a +1 whip of electrocution.
* * * LOW HITPOINT WARNING * * *
You feel better.
Pikel hits you with a +1 whip of electrocution.
* * * LOW HITPOINT WARNING * * *
You are electrocuted!!
You die...

#.# #.# #.# #.# #.#
#.# #.#
...#################.#
.$.555K@.............#
...5##################
.


You could see Pikel and 4 lemures.

Vanquished Creatures
  Edmund (D:6)
  A necrophage (D:6)
  A sky beast (D:6)
  An ogre (D:4)
  A bullfrog (D:6)
  A scorpion (D:4)
  5 wights (D:6)
  A centaur zombie (D:5)
  2 jellies
  A hound (D:4)
  An orc priest (D:4)
  5 worker ants
  2 hound zombies
  A howler monkey skeleton (D:5)
  4 gnolls (D:4)
  A worker ant zombie (D:5)
  13 adders
  2 river rats
  A shadow imp (D:5)
  3 white imps
  2 ufetubi
  An adder zombie (D:5)
  8 worms
  7 leopard geckos
  9 orcs
  5 ball pythons
  2 bats
  4 giant cockroaches
  7 goblins
  9 hobgoblins
  8 jackals
  3 quokkas
  11 frilled lizards
  8 kobolds
  A leopard gecko skeleton (D:4)
  17 rats
150 creatures vanquished.

Notes
Turn   | Place    | Note
-------+----------+-------------------------------------------
     0 | D:1      | Peloso the Minotaur Fighter began the quest for the Orb.
     0 | D:1      | Reached XP level 1. HP: 19/19 MP: 0/0
   176 | D:1      | Reached XP level 2. HP: 27/27 MP: 1/1
   519 | D:1      | Reached XP level 3. HP: 33/33 MP: 2/2
   583 | D:2      | Reached skill level 3 in Long Blades
   919 | D:2      | Reached XP level 4. HP: 34/41 MP: 3/3
  1698 | D:3      | Found an opulent altar of Gozag.
  2024 | D:3      | Reached XP level 5. HP: 47/47 MP: 4/4
  2462 | D:4      | Reached skill level 4 in Long Blades
  2463 | D:4      | Reached skill level 5 in Armour
  2582 | D:4      | Noticed thewurscht's ghost (amateur DrCj)
  2585 | D:4      | Found a transporter.
  2603 | D:4      | Found a transporter.
  2641 | D:4      | Noticed an ogre
  2647 | D:4      | Killed an ogre
  2648 | D:4      | Reached skill level 5 in Shields
  2648 | D:4      | Reached XP level 6. HP: 33/55 MP: 5/5
  2685 | D:4      | Reached skill level 5 in Long Blades
  2736 | D:4      | Reached skill level 5 in Fighting
  2936 | D:4      | Found a glowing drain.
  2940 | Sewer    | Entered a sewer
  3569 | D:4      | Reached XP level 7. HP: 61/61 MP: 6/6
  3579 | D:4      | Found a shimmering altar of Xom.
  3780 | D:5      | Entered Level 5 of the Dungeon
  3794 | D:5      | Reached skill level 6 in Long Blades
  4266 | D:5      | Found Kolik's Gadget Shoppe.
  4594 | D:6      | Noticed Edmund
  4611 | D:6      | Killed Edmund
  4629 | D:6      | Reached skill level 7 in Long Blades
  4785 | D:6      | Found an iron altar of Okawaru.
  4798 | D:6      | Became a worshipper of Warmaster Okawaru
  4830 | D:6      | Reached XP level 8. HP: 70/70 MP: 7/7
  5095 | D:6      | Found a staircase to the Ecumenical Temple.
  5115 | D:6      | Reached skill level 8 in Long Blades
  5180 | D:6      | Noticed Pikel
  5201 | D:6      | Mangled by Pikel

Illustrated notes

Levels and vault maps discovered:
D:1:      dpeg_arrival_leaves_temple_mockup, layout_basic
D:2:      layout_loops_ring
D:3:      layout_rooms, marbit_many_paths
D:4:      layout_loops_ring, lemuel_doored_altar, gammafunk_ghost_arena,
          gup_sewer_entry_spiral, kennysheep_pointless_box
D:5:      layout_basic, serial_shops, shop_statue
D:6:      layout_loops_ring, amethyst_overflow_temple_binary, temple_doors_e,
          basic_altar, okawaru_metal_pillars_1_2, uniq_edmund,
          uniq_prince_ribbit1, uniq_pikel

Skill      XL: |  1  2  3  4  5  6  7  8 |
---------------+-------------------------+-----
Armour         | 4 5 6 |  6.5
Fighting       | 4 5 6 |  6.5
Shields        | 4 5 6 |  6.6
Long Blades    | 3 4 5 7 8 |  8.0
Dodging        | |  0.2
Stealth        | |  0.8

Action                   |  1- 3 |  4- 6 |  7- 9 || total
-------------------------+-------+-------+-------++-------
Melee: Long sword        |    90 |   223 |   177 ||   490
       Headbutt          |     7 |    34 |    45 ||    86
  Use: Scroll            |     2 |    10 |       ||    12
       Potion            |       |     1 |     1 ||     2
Armor: Plate armour      |    67 |   140 |   120 ||   327
       Scale mail        |     4 |       |       ||     4
Dodge: Dodged            |    14 |    41 |    30 ||    85
Block: Kite shield       |    44 |   115 |    91 ||   250
       Rpst.: Long sword |     1 |    13 |    11 ||    25

Table legend: (Time is in decaauts)
 A = Elapsed time spent in this place.
 B = Non-inter-level travel time spent in this place.
 C = Inter-level travel time spent in this place.
 D = Time resting spent in this place.
 E = Time spent auto-exploring this place.
 F = Levels seen in this place.
 G = Mean time per level.
                   A        B        C        D        E       F      G
               +--------+--------+--------+--------+--------+-----+--------+
         Total |   5414 |   5261 |    153 |    182 |   3524 |   7 |  773.4 |
       Dungeon |   4967 |   4814 |    153 |    182 |   3236 |   6 |  827.8 |
         Sewer |    446 |    446 |      0 |      0 |    288 |   1 |  446.0 |
               +--------+--------+--------+--------+--------+-----+--------+

Top non-repeatable levels by time:
     D:2: 1155 daAuts
     D:4: 1006 daAuts
     D:3: 821 daAuts
     D:5: 799 daAuts
     D:6: 650 daAuts
     D:1: 534 daAuts
   Sewer: 446 daAuts
